 Dungeon Crawl Stone Soup version 0.17-a0-1497-g03599f7 (webtiles) character file.

7984 houska102 the Nimble (level 11, -6/139 HPs)
             Began as a Troll Monk on July 6, 2015.
             Was a Priest of Trog.
             Mangled by an alligator (10 damage)
             ... on level 1 of the Lair of Beasts.
             The game lasted 01:15:14 (9602 turns).

houska102 the Nimble (Troll Monk)                   Turns: 9602, Time: 01:15:14

Health: -6/139     AC: 25    Str: 24    XL:     11   Next: 3%
Magic:  13/13      EV:  1    Int:  4    God:    Trog [***...]
Gold:   154        SH:  0    Dex: 14    Spells: 0 memorised, 10 levels left

rFire  . . .     SeeInvis .       - Unarmed
rCold  . . .     Clarity  .     (armour currently unavailable)
rNeg   + + +     SustAt   .     (no shield)
rPois  +         Gourm    +     (helmet currently unavailable)
rElec  .         Spirit   .     (cloak currently unavailable)
rCorr  .         Warding  .     (gloves unavailable)
rMut   .         NoTele   +     (boots unavailable)
MR     .....                    h - amulet of faith
Stlth  ++........               j - +3 ring of evasion
                                e - +2 ring of dexterity

@: tree-form, very slightly contaminated, starving, hasted, very quick, not
resistant to hostile enchantments, unstealthy
A: unfitting armour, (antennae 0), (claws 0), (large bone plates 0), dopey 1,
(fire resistance 0), fast metabolism 3, frail 1, gourmand, regeneration 2,
(shaggy fur 0), (tough skin 0)
a: Burn Spellbooks, Berserk, Trog's Hand, Renounce Religion


You were on level 1 of the Lair of Beasts.
You worshipped Trog.
Trog was most pleased with you.
You were starving.
You were a tree.
You visited 3 branches of the dungeon, and saw 11 of its levels.

You collected 406 gold pieces.
You spent 252 gold pieces at shops.

Inventory:

Hand weapons
 r - a cursed -3 halberd
Armour
 a - a +0 robe
 f - a +0 animal skin
 i - a +0 robe
 u - a +2 robe of cold resistance (melded)
Jewellery
 e - a +2 ring of dexterity (left branch)
 h - an amulet of faith (around neck)
 j - a +3 ring of evasion (right branch)
 o - a +2 ring of intelligence
 x - a +3 ring of protection {unknown}
Magical devices
 c - a wand of fireball (6)
 g - a wand of magic darts (7)
 k - a wand of heal wounds (0)
 m - a wand of disintegration (12)
 v - a wand of polymorph (2)
Scrolls
 b - a scroll of fear
 d - 5 scrolls of remove curse
 n - 3 scrolls of identify
 q - 3 scrolls of amnesia
 s - a scroll of teleportation
Potions
 l - a potion of brilliance


   Skills:
 + Level 5.3 Fighting
 * Level 11.1 Dodging
 - Level 1.1 Stealth
 + Level 8.5 Unarmed Combat
   Level 0.6 Invocations
 * Level 4.4 Evocations


You had 10 spell levels left.
You didn't know any spells.

Dungeon Overview and Level Annotations

Branches:
Dungeon (9/15)             Temple (1/1) D:6            Lair (1/8) D:9
    Orc: D:9-12

Altars:
Ashenzari
Dithmenos
Elyvilon
Fedhas
Gozag
Kikubaaqudgha
Makhleb
Nemelex Xobeh
Okawaru
Qazlal
Ru
Sif Muna
Trog
Vehumet
Xom
Yredelemnul
Zin
The Shining One

Shops:
D:8 =


Innate Abilities, Weirdness & Mutations

You are too large for most types of armour.
((You have claws for hands.))
Your metabolism is lightning-fast.
You like to eat raw meat.
You heal very quickly.
((You are covered in fur (AC +1).))
((You have very tough skin (AC +2).))
((You have a pair of small antennae on your head.))
((You are partially covered in large bone plates (AC +2, SH +2).))
You are dopey. (Int -2)
((Your flesh is heat resistant.))
You are frail (-10% HP).


Message History

The water moccasin bites you but does no damage.
You hit the sheep but do no damage.
The sheep is heavily wounded.
The alligator bites you but does no damage.
The alligator tail-slaps you but does no damage.
The water moccasin bites you.
* * * LOW HITPOINT WARNING * * *
The sheep bites you but does no damage. x2
Evoke which item? (* to show all) (? for menu, Esc to quit)
Zapping:
c - a wand of fireball {zapped: 3} (will waste charges)
Press: ? - help, Shift-Dir - straight line, p - blink frog The fireball explodes!
The fireball engulfs the sheep.
You kill the sheep!
Trog accepts your kill.
The fireball engulfs the sheep.
You kill the sheep!
Trog accepts your kill.
Evoking this partially-identified wand wasted a few charges.
The alligator bites you!
You die...

................#....+ ..
..#...#.........#....#...
......#.........#....#...
..P...#..........$.......
..#...#.........#...F#...
###...#..............#
.....######.###†...####
.... .......S†.......
..... .......♣........
..... .......t†.......
.... ................
................
..#+##.......... .
......P##.# .#....... ..
.........


You could see an alligator, a blink frog and a water moccasin.

Vanquished Creatures
  Pikel (D:8)
  The ghost of Chiseanne the Skirmisher, an experienced DsWn (D:6)
  A gargoyle (D:7)
  A spiny frog (Lair:1)
  A komodo dragon (Lair:1)
  Grinder (D:5)
  3 flying skulls (D:8)
  Sigmund (D:5)
  2 wraiths (D:8)
  A steam dragon (Lair:1)
  3 hippogriffs
  2 basilisks (Lair:1)
  6 yaks (Lair:1)
  Duvessa (D:4)
  3 sky beasts
  A water moccasin (Lair:1)
  2 porcupines (Lair:1)
  3 ice beasts
  3 wandering mushrooms (D:9)
  3 slaves (D:8)
  2 ogres
  An orc warrior (D:8)
  3 phantoms
  5 centaurs
  4 giant frogs
  7 wights
  Dowan (D:4)
  3 scorpions
  A crimson imp (D:5)
  A giant frog skeleton (D:7)
  A giant frog zombie (D:7)
  2 hounds (D:7)
  3 jellies
  A quasit (D:5)
  2 iguanas
  3 orc priests
  4 orc wizards
  7 worker ants
  5 sheep (Lair:1)
  An ogre zombie (D:6)
  A hound zombie (D:8)
  A hound skeleton (D:6)
  Robin (D:2)
  11 adders
  10 gnolls
  2 oozes
  An adder skeleton (D:6)
  3 worms
  24 orcs
  A ball python (D:2)
  17 bats
  3 bat skeletons
  6 giant cockroaches
  22 goblins
  14 hobgoblins
  6 jackals
  5 quokkas
  3 giant geckos
  A giant gecko skeleton (D:4)
  A giant gecko zombie (D:5)
  4 giant newts
  2 gnoll zombies (D:5)
  18 kobolds
  A quokka skeleton (D:4)
  10 rats
  4 fungi (D:9)
  A plant (D:1)
270 creatures vanquished.

Vanquished Creatures (others)
  A worker ant zombie (D:6)
  A bat (D:8)
  An orc zombie (D:6)
  7 fungi
10 creatures vanquished.

Grand Total: 280 creatures vanquished

Notes
Turn   | Place    | Note
--------------------------------------------------------------
     0 | D:1      | houska102 the Troll Monk began the quest for the Orb.
     0 | D:1      | Reached XP level 1. HP: 22/22 MP: 0/0
   202 | D:1      | Reached XP level 2. HP: 29/29 MP: 1/1
   559 | D:1      | Gained mutation: You are partially covered in large bone plates (AC +2, SH +2). [potion of beneficial mutation]
   560 | D:1      | Gained mutation: You have a pair of small antennae on your head. [potion of beneficial mutation]
  1088 | D:2      | Reached XP level 3. HP: 29/36 MP: 2/2
  1184 | D:2      | Noticed Robin
  1187 | D:2      | Reached XP level 4. HP: 42/44 MP: 3/3
  1222 | D:2      | Killed Robin
  1222 | D:2      | Reached skill level 5 in Unarmed Combat
  1441 | D:2      | Found an opulent altar of Gozag.
  1981 | D:3      | Reached XP level 5. HP: 36/52 MP: 4/4
  2247 | D:3      | Reached XP level 6. HP: 58/61 MP: 5/5
  2609 | D:3      | Gained mutation: You are frail (-10% HP). [potion of mutation]
  2609 | D:3      | Gained mutation: Your flesh is heat resistant. [potion of mutation]
  2609 | D:3      | Gained mutation: You are dopey. (Int -2) [potion of mutation]
  3251 | D:4      | Noticed Duvessa
  3251 | D:4      | Noticed Dowan
  3255 | D:4      | Killed Dowan
  3262 | D:4      | Killed Duvessa
  3281 | D:4      | Reached skill level 5 in Dodging
  3281 | D:4      | Reached XP level 7. HP: 35/60 MP: 6/6
  3414 | D:4      | Reached skill level 6 in Unarmed Combat
  3767 | D:5      | Entered Level 5 of the Dungeon
  3817 | D:5      | Reached skill level 1 in Evocations
  3827 | D:5      | Gained mutation: You are very frail (-20% HP). [mutagenic meat]
  4103 | D:5      | Reached XP level 8. HP: 58/60 MP: 8/8
  4301 | D:5      | Noticed Sigmund
  4319 | D:5      | Killed Sigmund
  4471 | D:5      | Noticed Grinder
  4479 | D:5      | Killed Grinder
  4479 | D:5      | Reached skill level 7 in Dodging
  4807 | D:5      | Found a basalt altar of Yredelemnul.
  4826 | D:5      | Became a worshipper of Yredelemnul the Dark
  4826 | D:5      | Acquired Yredelemnul's first power
  4826 | D:5      | Acquired Yredelemnul's second power
  5078 | D:6      | Noticed Chiseanne's ghost (experienced DsWn)
  5097 | D:6      | Killed Chiseanne's ghost
  5097 | D:6      | Reached skill level 8 in Dodging
  5097 | D:6      | Reached XP level 9. HP: 34/67 MP: 8/10
  5922 | D:6      | Found a staircase to the Ecumenical Temple.
  5948 | Temple   | Entered the Ecumenical Temple
  6034 | Temple   | Fell from the grace of Yredelemnul
  6034 | Temple   | Became a worshipper of Trog the Wrathful
  6263 | D:7      | Noticed a gargoyle
  6273 | D:7      | Killed a gargoyle
  6630 | D:7      | Reached skill level 9 in Dodging
  6933 | D:7      | Acquired Trog's first power
  7065 | D:7      | Lost mutation: You are very frail (-20% HP). [mutagenic meat]
  7067 | D:7      | Lost mutation: You have a pair of small antennae on your head. [mutagenic meat]
  7068 | D:7      | Gained mutation: You have a pair of small antennae on your head. [mutagenic meat]
  7232 | D:8      | Reached XP level 10. HP: 84/84 MP: 11/11
  7319 | D:8      | Noticed Pikel
  7353 | D:8      | Killed Pikel
  7542 | D:8      | Found a deep blue altar of Sif Muna.
  8141 | D:8      | Found Bom Maj's Jewellery Emporium.
  8165 | D:8      | Acquired Trog's second power
  8261 | D:8      | Bought a +3 ring of evasion for 252 gold pieces
  8361 | D:8      | Reached skill level 10 in Dodging
  8632 | D:9      | Found a staircase to the Lair.
  8704 | Lair:1   | Entered Level 1 of the Lair of Beasts
  8731 | Lair:1   | Reached skill level 5 in Fighting
  8802 | Lair:1   | HP: 4/86 [yak (6)]
  9042 | Lair:1   | HP: 4/86 [poisoned by a spiny frog]
  9047 | Lair:1   | HP: 2/86 [poisoned by a spiny frog]
  9053 | Lair:1   | HP: 2/86 [poisoned by a spiny frog]
  9060 | Lair:1   | HP: 4/86 [poisoned by a spiny frog]
  9482 | Lair:1   | Reached skill level 11 in Dodging
  9531 | Lair:1   | Reached XP level 11. HP: 73/93 MP: 13/13
  9587 | Lair:1   | Noticed a five-headed hydra
  9596 | Lair:1   | Noticed an alligator
  9596 | Lair:1   | a five-headed hydra changed into an alligator
  9600 | Lair:1   | HP: 4/139 [blink frog (11)]
  9602 | Lair:1   | Mangled by an alligator

Vault maps used:
D:1:      lightli_arrival_windingriver
D:2:      grunt_gozag_statues, first_bread, uniq_robin
D:4:      kennysheep_generic_room_10, uniq_duvessa
D:5:      lemuel_zombie_altar_yredelemnul, kennysheep_generic_room_11,
          uniq_sigmund, uniq_grinder
D:6:      temple_green
D:8:      led_sif_pool, serial_shops,
          nicolae_shop_temple_entry_statues_fountains, uniq_pikel
D:9:      dpeg_oklobed_lair, david_orc_2, minmay_evil_grid
Temple:   nicolae_temple_x_marks_the_god_16
Lair:1:   st_stairs_7, serial_bayou_shore_a

Action                   |  1- 3 |  4- 6 |  7- 9 | 10-12 || total
-------------------------+-------+-------+-------+-------++-------
Melee: Unarmed           |    76 |   193 |   338 |   318 ||   925
Invok: Animate Remains   |       |       |     3 |       ||     3
       Burn Spellbooks   |       |       |     1 |     1 ||     2
       Berserk           |       |       |     1 |       ||     1
Evoke: Wand              |       |       |       |    10 ||    10
  Use: Potion            |     5 |     7 |     4 |     4 ||    20
       Scroll            |     5 |     4 |     1 |     2 ||    12
 Stab: Sleeping          |       |     2 |     6 |     1 ||     9
  Eat: Chunk             |     4 |    12 |    22 |    11 ||    49
       Bread ration      |     1 |       |     5 |     2 ||     8
       Royal jelly       |     1 |       |       |       ||     1
       Meat ration       |       |     1 |       |       ||     1
       Pizza             |       |       |     1 |       ||     1
